NCAA
KANSAS JAYHAWKS @ PITTSBURGH PANTHERS
05/18/2026
 
TOP OF THE 1ST
Kansas Jayhawks batting - Pitching for Pittsburgh Panthers : RHP Dave Andrews
Pitching: RHP Dave Andrews
Batting: LHB Kevin Grimes 0-0: Called Strike
0-1: Ball
1-1: Ball
2-1: Fly out, F4 (Line Drive, 4)
Batting: RHB Johnny Hawson 0-0: Fly out, F7 (Flyball, 7M)
Batting: LHB Victor Stuart 0-0: Ball
1-0: Foul Ball, location: 2F
1-1: Ground out 4-3 (Groundball, 4)
Top of the 1st over - 0 run(s), 0 hit(s), 0 error(s), 0 left on base; Kansas 0 - Pittsburgh 0
BOTTOM OF THE 1ST
Pittsburgh Panthers batting - Pitching for Kansas Jayhawks : RHP Lawrence Bolton
Pitching: RHP Lawrence Bolton
Batting: RHB Bobby Cooper 0-0: Ball
1-0: Swinging Strike
1-1: Hit by Pitch
Batting: RHB Ron Johnson 0-0: Ball
1-0: Called Strike
1-1: Swinging Strike
1-2: Ball
2-2: Foul Ball, location: 2F
2-2: Ball
3-2: Base on Balls
Bobby Cooper to second
Batting: RHB Ismael Ortíz 0-0: Ball
1-0: Ball
2-0: Called Strike
2-1: Ball
3-1: Grounds into double play, 1-6-3 (Groundball, 13S)
Bobby Cooper to third
Batting: RHB Pete Woods 0-0: Swinging Strike
0-1: Ground out 4-3 (Groundball, 34)
Bottom of the 1st over - 0 run(s), 0 hit(s), 0 error(s), 1 left on base; Kansas 0 - Pittsburgh 0
TOP OF THE 2ND
Kansas Jayhawks batting - Pitching for Pittsburgh Panthers : RHP Dave Andrews
Batting: RHB Robbie Jenkins 0-0: Ground out 6-3 (Groundball, 6)
Batting: RHB Jason Green 0-0: Ball
1-0: Fly out, F8 (Flyball, 8RM)
Batting: LHB Francisco Blanco 0-0: Ground out U3 (Groundball, 3S)
Top of the 2nd over - 0 run(s), 0 hit(s), 0 error(s), 0 left on base; Kansas 0 - Pittsburgh 0
BOTTOM OF THE 2ND
Pittsburgh Panthers batting - Pitching for Kansas Jayhawks : RHP Lawrence Bolton
Batting: LHB Alonso Carbajal 0-0: Ball
1-0: Foul Ball, location: 2F
1-1: Fly out, F5 (Popup, 5DF)
Batting: RHB Martín Camacho 0-0: Ground out 4-3 (Groundball, 4)
Batting: LHB Michael Melton 0-0: Called Strike
0-1: Ball
1-1: Fly out, F7 (Flyball, 78S)
Bottom of the 2nd over - 0 run(s), 0 hit(s), 0 error(s), 0 left on base; Kansas 0 - Pittsburgh 0
TOP OF THE 3RD
Kansas Jayhawks batting - Pitching for Pittsburgh Panthers : RHP Dave Andrews
Batting: LHB Roy Woods 0-0: Ball
1-0: Foul Ball, location: 2F
1-1: Ball
2-1: Ball
3-1: Base on Balls
Batting: RHB Cordell Grady 0-0: Called Strike
0-1: Ball
1-1: Ball
2-1: Swinging Strike
2-2: Foul Ball, location: 2F
2-2: Foul Ball, location: 2F
2-2: Strikes out swinging
Batting: RHB Dave Warren 0-0: Grounds into double play, 5-4-3 (Groundball, 5L)
Top of the 3rd over - 0 run(s), 0 hit(s), 0 error(s), 0 left on base; Kansas 0 - Pittsburgh 0
BOTTOM OF THE 3RD
Pittsburgh Panthers batting - Pitching for Kansas Jayhawks : RHP Lawrence Bolton
Batting: LHB Mike Hanson 0-0: Foul Ball, location: 2F
0-1: Ground out U3 (Groundball, 3L)
Batting: RHB Henry Edwards 0-0: Ball
1-0: Ground out 6-3 (Groundball, 6)
Batting: RHB Bobby Cooper 0-0: Ball
1-0: Called Strike
1-1: Ball
2-1: Ground out U3 (Groundball, 3S)
Bottom of the 3rd over - 0 run(s), 0 hit(s), 0 error(s), 0 left on base; Kansas 0 - Pittsburgh 0
TOP OF THE 4TH
Kansas Jayhawks batting - Pitching for Pittsburgh Panthers : RHP Dave Andrews
Batting: LHB Kevin Grimes 0-0: Called Strike
0-1: Foul Ball, location: 2F
0-2: Ball
1-2: SINGLE (Line Drive, 6MD)
Batting: RHB Johnny Hawson 0-0: Ball
1-0: Fielders Choice at 2nd, 6-4 (Groundball, 6)
Batting: LHB Victor Stuart 0-0: Ball
Johnny Hawson steals 2nd base
1-0: Ball
2-0: Called Strike
2-1: Ball
3-1: Fly out, F5 (Popup, 5F)
Batting: RHB Robbie Jenkins 0-0: Called Strike
0-1: Called Strike
0-2: Ground out 6-3 (Groundball, 56)
Top of the 4th over - 0 run(s), 1 hit(s), 0 error(s), 1 left on base; Kansas 0 - Pittsburgh 0
BOTTOM OF THE 4TH
Pittsburgh Panthers batting - Pitching for Kansas Jayhawks : RHP Lawrence Bolton
Batting: RHB Ron Johnson 0-0: Ball
1-0: Ground out 5-3 (Groundball, 56S)
Batting: RHB Ismael Ortíz 0-0: Swinging Strike
0-1: Ball
1-1: DOUBLE (Line Drive, 89M)
Batting: RHB Pete Woods 0-0: Ball
1-0: Called Strike
1-1: Ball
2-1: Foul Ball, location: 2F
2-2: Foul Ball, location: 2F
2-2: Ball
3-2: Fly out, F7 (Flyball, 7M)
Batting: LHB Alonso Carbajal 0-0: Ball
1-0: Ball
2-0: Called Strike
2-1: SINGLE (Line Drive, 8LS)
Ismael Ortíz to third
Runner from 3rd tries for Home, SAFE, no throw or cutoff
Batting: RHB Martín Camacho Pickoff Throw to First - Out!
Bottom of the 4th over - 1 run(s), 2 hit(s), 0 error(s), 0 left on base; Kansas 0 - Pittsburgh 1
TOP OF THE 5TH
Kansas Jayhawks batting - Pitching for Pittsburgh Panthers : RHP Dave Andrews
Batting: RHB Jason Green 0-0: Ground out 6-3 (Groundball, 56S)
Batting: LHB Francisco Blanco 0-0: Called Strike
0-1: Ball
1-1: Ball
2-1: Foul Ball, location: 2F
2-2: Ball
3-2: Base on Balls
Batting: LHB Roy Woods 0-0: Ball
1-0: Ball
2-0: Called Strike
2-1: Foul Ball, location: 2F
2-2: Grounds into double play, 3-6-3 (Groundball, 3)
Top of the 5th over - 0 run(s), 0 hit(s), 0 error(s), 0 left on base; Kansas 0 - Pittsburgh 1
BOTTOM OF THE 5TH
Pittsburgh Panthers batting - Pitching for Kansas Jayhawks : RHP Lawrence Bolton
Batting: RHB Martín Camacho 0-0: Called Strike
0-1: Fly out, F5 (Line Drive, 5)
Batting: LHB Michael Melton 0-0: Called Strike
0-1: Foul Ball, location: 2F
0-2: Ball
1-2: Strikes out looking
Batting: LHB Mike Hanson 0-0: Ball
1-0: Ball
2-0: Ball
3-0: Called Strike
3-1: SINGLE (Groundball, 6MD)
Batting: RHB Henry Edwards 0-0: Ball
1-0: Ball
2-0: Foul Ball, location: 2F
2-1: Ground out 5-3 (Groundball, 56)
Bottom of the 5th over - 0 run(s), 1 hit(s), 0 error(s), 1 left on base; Kansas 0 - Pittsburgh 1
TOP OF THE 6TH
Kansas Jayhawks batting - Pitching for Pittsburgh Panthers : RHP Dave Andrews
Batting: RHB Cordell Grady 0-0: Ball
1-0: Foul Ball, location: 2F
1-1: Foul Ball, location: 2F
1-2: Ground out 1-3 (Groundball, 13)
Batting: RHB Dave Warren 0-0: Ball
1-0: Ball
2-0: Ball
3-0: Base on Balls
Batting: LHB Kevin Grimes 0-0: Ball
1-0: Called Strike
1-1: Ball
2-1: Fly out, F7 (Flyball, 78M)
Batting: RHB Johnny Hawson 0-0: Ball
1-0: Swinging Strike
1-1: Foul Ball, location: 2F
1-2: Foul Ball, location: 2F
1-2: Strikes out looking
Top of the 6th over - 0 run(s), 0 hit(s), 0 error(s), 1 left on base; Kansas 0 - Pittsburgh 1
BOTTOM OF THE 6TH
Pittsburgh Panthers batting - Pitching for Kansas Jayhawks : RHP Lawrence Bolton
Batting: RHB Bobby Cooper 0-0: Ball
1-0: Swinging Strike
1-1: Ball
2-1: Ball
3-1: Base on Balls
Batting: RHB Ron Johnson 0-0: Fly out, F8 (Flyball, 8LM)
Batting: RHB Ismael Ortíz 0-0: Foul Ball, location: 2F
0-1: Fly out, F8 (Flyball, 8RS)
Batting: RHB Pete Woods 0-0: Called Strike
0-1: Ball
1-1: Called Strike
1-2: Ball
2-2: Ball
3-2: Fly out, F4 (Popup, 4D)
Bottom of the 6th over - 0 run(s), 0 hit(s), 0 error(s), 1 left on base; Kansas 0 - Pittsburgh 1
TOP OF THE 7TH
Kansas Jayhawks batting - Pitching for Pittsburgh Panthers : RHP Dave Andrews
Batting: LHB Victor Stuart 0-0: Ball
1-0: Ball
2-0: SINGLE (Line Drive, 8RS)
Batting: RHB Robbie Jenkins 0-0: Ball
1-0: Fielders Choice at 2nd, 1-6 (Groundball, 25)
Batting: RHB Jason Green 0-0: Called Strike
0-1: Ball
1-1: Called Strike
1-2: Foul Ball, location: 2F
1-2: SINGLE (Flyball, 9LS)
Robbie Jenkins to second
Pinch Runner at 2nd Sean Budgeford:
Batting: LHB Francisco Blanco 0-0: Ball
1-0: Ball
2-0: Ball
3-0: Base on Balls
Sean Budgeford to third
Jason Green to second
Pitching: LHP Bill York
Batting: LHB Roy Woods 0-0: Ball
1-0: Ball
2-0: Called Strike
2-1: Foul Ball, location: 2F
2-2: Fly out, F2 (Popup, 2LF)
Batting: RHB Cordell Grady 0-0: Called Strike
0-1: Called Strike
0-2: Foul Ball, location: 2F
0-2: Strikes out swinging
Top of the 7th over - 0 run(s), 2 hit(s), 0 error(s), 3 left on base; Kansas 0 - Pittsburgh 1
BOTTOM OF THE 7TH
Pittsburgh Panthers batting - Pitching for Kansas Jayhawks : RHP Lawrence Bolton
Now at 1B: Manuel Cisneros
Batting: LHB Alonso Carbajal 0-0: Called Strike
0-1: Called Strike
0-2: Ball
1-2: Foul Ball, location: 2F
1-2: Foul Ball, location: 2F
1-2: Ball
2-2: Foul Ball, location: 2F
2-2: Foul Ball, location: 2F
2-2: Ball
3-2: Base on Balls
Pitching: LHP Bailey Dobson
Batting: RHB Martín Camacho 0-0: Ball
1-0: Called Strike
1-1: Swinging Strike
1-2: Foul Ball, location: 2F
1-2: Ball
2-2: Fly out, F3 (Popup, 23F)
Batting: LHB Michael Melton 0-0: Called Strike
0-1: Swinging Strike
0-2: Foul Ball, location: 2F
0-2: Foul Ball, location: 2F
0-2: Ball
1-2: Ball
2-2: Ball
3-2: Strikes out looking
Batting: LHB Mike Hanson 0-0: Ball
1-0: Called Strike
1-1: Reached on error, E3 (Groundball, 3)
Alonso Carbajal to second
Batting: RHB Henry Edwards 0-0: Foul Ball, location: 2F
0-1: Swinging Strike
0-2: Strikes out swinging
Bottom of the 7th over - 0 run(s), 0 hit(s), 1 error(s), 2 left on base; Kansas 0 - Pittsburgh 1
TOP OF THE 8TH
Kansas Jayhawks batting - Pitching for Pittsburgh Panthers : LHP Bill York
Pitching: RHP Chris Day
Batting: RHB Dave Warren 0-0: Ball
1-0: Ball
2-0: Foul Ball, location: 2F
2-1: Swinging Strike
2-2: Foul Ball, location: 2F
2-2: Ball
3-2: Strikes out swinging
Batting: LHB Kevin Grimes 0-0: Ball
1-0: Foul Ball, location: 2F
1-1: Ball
2-1: Ball
3-1: Foul Ball, location: 2F
3-2: Foul Ball, location: 2F
3-2: Base on Balls
Batting: RHB Johnny Hawson 0-0: Called Strike
0-1: Foul Ball, location: 2F
0-2: Ball
1-2: Ball
2-2: Foul Ball, location: 2F
2-2: Ball
3-2: Foul Ball, location: 2F
3-2: Base on Balls
Kevin Grimes to second
Batting: LHB Victor Stuart 0-0: Ball
1-0: Called Strike
1-1: Foul Ball, location: 2F
1-2: DOUBLE (Line Drive, 9LM)
Kevin Grimes scores
Johnny Hawson to third
Batting: RHB Manuel Cisneros 0-0: Intentional Walk
Batting: RHB Jason Green 0-0: Called Strike
0-1: Swinging Strike
0-2: Foul Ball, location: 2F
0-2: Foul Ball, location: 2F
0-2: Ball
1-2: Foul Ball, location: 2F
1-2: Strikes out swinging
Batting: LHB Francisco Blanco 0-0: Called Strike
0-1: Swinging Strike
0-2: Ball
1-2: Hit by Pitch
Johnny Hawson scores
Victor Stuart to third
Manuel Cisneros to second
Batting: LHB Roy Woods 0-0: Called Strike
0-1: Called Strike
0-2: Ball
1-2: Ball
2-2: Foul Ball, location: 2F
2-2: Ball
3-2: Foul Ball, location: 2F
3-2: Strikes out looking
Top of the 8th over - 2 run(s), 1 hit(s), 0 error(s), 3 left on base; Kansas 2 - Pittsburgh 1
BOTTOM OF THE 8TH
Pittsburgh Panthers batting - Pitching for Kansas Jayhawks : LHP Bailey Dobson
Pitching: RHP Joe Rose
Batting: RHB Bobby Cooper 0-0: Ball
1-0: Swinging Strike
1-1: Swinging Strike
1-2: Ground out 5-3 (Groundball, 56)
Batting: RHB Ron Johnson 0-0: Ball
1-0: Called Strike
1-1: DOUBLE (Flyball, 78M)
Batting: RHB Ismael Ortíz 0-0: Called Strike
0-1: Foul Ball, location: 2F
0-2: Ball
1-2: Foul Ball, location: 2F
1-2: Foul Ball, location: 2F
1-2: Strikes out looking
Batting: RHB Pete Woods 0-0: Ball
1-0: Swinging Strike
1-1: Ball
2-1: Foul Ball, location: 2F
2-2: Strikes out swinging
Bottom of the 8th over - 0 run(s), 1 hit(s), 0 error(s), 1 left on base; Kansas 2 - Pittsburgh 1
TOP OF THE 9TH
Kansas Jayhawks batting - Pitching for Pittsburgh Panthers : RHP Chris Day
Batting: RHB Cordell Grady 0-0: Called Strike
0-1: Ball
1-1: Fly out, F4 (Popup, 3D)
Pitching: RHP Michael McPherson
Batting: RHB Dave Warren 0-0: Ground out 1-3 (Groundball, 13)
Batting: LHB Kevin Grimes 0-0: Called Strike
0-1: Ground out 5-3 (Groundball, 5S)
Top of the 9th over - 0 run(s), 0 hit(s), 0 error(s), 0 left on base; Kansas 2 - Pittsburgh 1
BOTTOM OF THE 9TH
Pittsburgh Panthers batting - Pitching for Kansas Jayhawks : RHP Joe Rose
Pitching: LHP Jake Long
Batting: LHB Alonso Carbajal 0-0: SINGLE (Flyball, 7S)
Batting: RHB Martín Camacho 0-0: Ball
1-0: Foul Ball, location: 2F
1-1: Foul Ball, location: 2F
1-2: Strikes out swinging
Batting: LHB Michael Melton 0-0: Called Strike
0-1: Fielders Choice at 2nd, 6-4 (Groundball, 6)
Batting: LHB Mike Hanson 0-0: Called Strike
0-1: Hit by Pitch
Michael Melton to second
Batting: RHB Henry Edwards 0-0: Called Strike
0-1: Swinging Strike
0-2: Fly out, F4 (Popup, 34D)
Bottom of the 9th over - 0 run(s), 1 hit(s), 0 error(s), 2 left on base; Kansas 2 - Pittsburgh 1
Monday, December 5th, 2016 - OOTP Baseball 17.12 Build 75